 Dungeon Crawl Stone Soup version 0.27-a0-13-g87abb2d9eb (webtiles) character file.

Game seed: 16528044488138086662

37 Mesmaeker13 the Firebug (level 3, 0/21 HPs)
             Began as an Octopode Fire Elementalist on Jan 2, 2021.
             Succumbed to an adder's poison
             ... on level 2 of the Dungeon.
             The game lasted 00:02:08 (1524 turns).

Mesmaeker13 the Firebug (OpFE)                      Turns: 1524, Time: 00:02:08

Health: 0/21       AC:  1    Str:  7    XL:     3   Next: 41%
Magic:  3/6        EV: 13    Int: 18    God:
Gold:   92         SH:  0    Dex: 12    Spells: 2/6 levels left

rFire    . . .     SeeInvis .   (no weapon)
rCold    . . .     Faith    .   (no shield)
rNeg     . . .     Spirit   .   f - +0 hat
rPois    .         Reflect  .   n - amulet of magic regeneration
rElec    .         Harm     .   (no ring)
rCorr    .         Rampage  .   (no ring)
Will     .....                  (no ring)
Stlth    +++.......             (no ring)
HPRegen  0.07/turn              (no ring)
MPRegen  0.35/turn              (no ring)
                                (no ring)
                                (no ring)

@: lethally poisoned (0 -> -10), very slightly contaminated
A: almost no armour, stealthy swim, amphibious, 8 rings, constrict 8, camouflage
1, gelatinous body 1
a: no special abilities


You were on level 2 of the Dungeon.
You visited 1 branch of the dungeon, and saw 2 of its levels.

You collected 92 gold pieces.

Inventory:

Missiles
 h - 17 poisoned darts
Armour
 f - a +0 hat (worn)
Jewellery
 n - an amulet of magic regeneration (around mantle)
Scrolls
 a - a scroll of blinking {unknown}
 d - 2 scrolls of fear
 g - 2 scrolls of identify {unknown}
 j - a scroll of remove curse
 m - a scroll of enchant armour {unknown}
Potions
 b - a potion of brilliance {unknown}
 c - 2 potions of curing {unknown}
 e - 2 potions of attraction {unknown}
 i - a potion of flight {unknown}
 k - a potion of lignification {unknown}
 l - a potion of magic {unknown}


   Skills:
 + Level 2.4 Dodging
 - Level 2.6 Stealth
 + Level 2.4 Spellcasting
 + Level 1.7 Conjurations
 + Level 3.4 Fire Magic


You had 2 spell levels left.
You knew the following spells:

 Your Spells              Type           Power        Failure   Level
a - Foxfire               Conj/Fire      44%          6%          1
b - Conjure Flame         Conj/Fire      11%          19%         3

Your spell library contained the following spells:

 Spells                   Type           Power        Failure   Level
 Inner Flame              Hex/Fire       8%           26%         3
 Sticky Flame             Conj/Fire      11%          52%         4
 Fireball                 Conj/Fire      5%           86%         5


Dungeon Overview and Level Annotations

Branches:
Dungeon (2/15)

Altars:
Ru


Innate Abilities, Weirdness & Mutations

You cannot wear most types of armour.
You are very stealthy in the water. (Stealth+)
You are amphibious.
You can wear up to eight rings at the same time.
You can use your tentacles to constrict eight enemies at once.
Your skin changes colour to match your surroundings (Stealth+).
Your rubbery body absorbs attacks. (AC +1, EV +1)


Message History

You are lethally poisoned!
The adder poisons you!
You feel sick. The adder barely misses you. The adder bites you.
* * * LOW HITPOINT WARNING * * *
Casting: Foxfire (safe; 6% risk of failure)
Confirm with . or Enter, or press ? or * to list all spells.
You miscast Foxfire.
You are very lightly contaminated with residual magic.
Nothing appears to happen.
* * * LOW HITPOINT WARNING * * *
You feel sick. The adder bites you.
* * * LOW HITPOINT WARNING * * *
Unknown command.
Casting: Foxfire (safe; 6% risk of failure)
Confirm with . or Enter, or press ? or * to list all spells.
Nothing appears to happen.
* * * LOW HITPOINT WARNING * * *
You feel sick. The adder bites you.
* * * LOW HITPOINT WARNING * * *
You die...

.. .....#
... #.#.#
.... #...#
..... #..#
......##..#
......'.#.#
......###.#
..... #S#
.... #@# ###
#v# #.# #.#
#.# #.# #.#
#># #######
#.#
######......


You could see an adder.

Vanquished Creatures
  A dart slug (D:2)
  3 leopard geckos (D:1)
  2 bats (D:1)
  7 goblins (D:1)
  3 hobgoblins (D:1)
  4 jackals (D:1)
  5 kobolds (D:1)
  A frilled lizard (D:1)
  3 rats (D:1)
29 creatures vanquished.

Vanquished Creatures (others)
  75 foxfires
75 creatures vanquished.

Grand Total: 104 creatures vanquished

Notes
Turn   | Place    | Note
-------+----------+-------------------------------------------
     0 | D:1      | Mesmaeker13 the Octopode Fire Elementalist began the quest
                  | for the Orb.
     0 | D:1      | Reached XP level 1. HP: 11/11 MP: 3/3
   253 | D:1      | Reached XP level 2. HP: 17/17 MP: 1/5
   670 | D:1      | Reached XP level 3. HP: 21/21 MP: 4/6
  1354 | D:2      | Found a sacrificial altar of Ru.
  1491 | D:2      | Learned a level 3 spell: Conjure Flame
  1523 | D:2      | HP: 1/21 [adder (2)]
  1524 | D:2      | Succumbed to an adder's poison

Illustrated notes

Levels and vault maps discovered:
D:1:      minmay_arrival_widening_spiral_wide, layout_loops_corners
D:2:      minmay_chambers_of_ones, layout_basic,
          nicolae_ru_sacrificial_ziggurat, uniq_jessica

Action                   || total
-------------------------++-------
 Cast: Foxfire           ||    50
  Use: Scroll            ||     2
Dodge: Dodged            ||    28

Table legend: (Time is in decaauts)
 A = Elapsed time spent in this place.
 B = Non-inter-level travel time spent in this place.
 C = Inter-level travel time spent in this place.
 D = Time resting spent in this place.
 E = Time spent auto-exploring this place.
 F = Levels seen in this place.
 G = Mean time per level.
                   A        B        C        D        E       F      G
               +--------+--------+--------+--------+--------+-----+--------+
         Total |   1523 |   1478 |     45 |     88 |   1084 |   2 |  761.5 |
       Dungeon |   1523 |   1478 |     45 |     88 |   1084 |   2 |  761.5 |
               +--------+--------+--------+--------+--------+-----+--------+

Top non-repeatable levels by time:
     D:1: 1330 daAuts
     D:2: 192 daAuts
